[Event "Titled Tuesday Blitz March 28 Early 2023"]
[White "Vovk, Orest"]
[Black "Chan, Kim Yew"]
[WhiteFideId "14113490"]
[BlackFideId "5717981"]
[WhiteElo "2215"]
[BlackElo "2206"]
[Result "0-1"]
[Round "06"]
[TimeControl "180+2"]
[Date "2023.03.28"]
[WhiteClock "0:00:51"]
[BlackClock "0:00:22"]

1. h4 d5 2. h5 h6 3. e4 dxe4 4. Nc3 Nf6 5. Qe2 c6 6. Nxe4 Nxe4 7. Qxe4 Qd5 8. Qxd5 cxd5 9. d4 Nc6 10. c3 Bf5 11. Bf4 e6 12. O-O-O Kd7 13. Bd3 Bxd3 14. Rxd3 Bd6 15. Bxd6 Kxd6 16. Rg3 Rhg8 17. Nf3 Ne7 18. Ne5 Nf5 19. Rg4 Ke7 20. Re1 Rac8 21. Kd2 b5 22. Rf4 Nd6 23. b3 Rc7 24. Re3 a5 25. Ref3 f6 26. Ng6+ Kf7 27. Re3 Ne4+ 28. Rfxe4 dxe4 29. Rxe4 Rgc8 30. Re3 Rd8 31. f4 b4 32. cxb4 Rxd4+ 33. Ke2 axb4 34. Kf3 Rc2 35. g4 Rc3 36. g5 hxg5 37. fxg5 fxg5 38. Ne5+ Kf6 39. Ng4+ Rxg4 0-1


[Site "https://www.chess.com"]

[Event "Titled Tuesday Blitz March 28 Early 2023"]
[White "Boraso, Alessio"]
[Black "Turzo, Attila"]
[WhiteFideId "848077"]
[BlackFideId "704954"]
[WhiteElo "2286"]
[BlackElo "2514"]
[Result "1-0"]
[Round "06"]
[TimeControl "180+2"]
[Date "2023.03.28"]
[WhiteClock "0:00:04"]
[BlackClock "0:00:01"]

1. e4 c5 2. c3 Nf6 3. e5 Nd5 4. Nf3 Nc6 5. d4 cxd4 6. cxd4 d6 7. Bc4 dxe5 8. dxe5 Ndb4 9. Na3 Qxd1+ 10. Kxd1 Bg4 11. Bd2 e6 12. Bc3 O-O-O+ 13. Ke2 Nd5 14. Bxd5 Rxd5 15. Nc4 Be7 16. Ne3 Bxf3+ 17. gxf3 Nd4+ 18. Bxd4 Rxd4 19. Rhd1 Rhd8 20. Rac1+ Kb8 21. Rxd4 Rxd4 22. Rc4 Rd7 23. Rc3 Bg5 24. Nc4 Bf4 25. Nd6 Rc7 26. Rxc7 Kxc7 27. Nxf7 Bxh2 28. Ke3 h6 29. f4 Kd7 30. Kf3 b6 31. Nh8 Kc6 32. Ng6 Kd5 33. Ke3 Bg1 34. Nh4 g5 35. Ng2 Bh2 36. fxg5 hxg5 37. Kd3 Bxe5 38. Ne3+ Kc5 39. b3 b5 40. Ng4 Bf4 41. f3 Kd5 42. Nf2 Bc1 43. Ne4 a5 44. Nc3+ Kc6 45. a4 bxa4 46. bxa4 Ba3 47. Ne4 Bc1 48. Kc4 Be3 49. Nc3 Kd6 50. Kd3 Bc1 51. Kc2 Bf4 52. Kd3 Kc5 53. Kc2 Kb4 54. Kd3 Be5 55. Ne4 Kxa4 56. Nc5+ Ka3 57. Nxe6 1-0


[Site "https://www.chess.com"]

[Event "Titled Tuesday Blitz March 28 Early 2023"]
[White "Manon-og, Ramon Jr."]
[Black "Lehtosaari, Mauri"]
[WhiteFideId "5200776"]
[BlackFideId "501999"]
[WhiteElo "2363"]
[BlackElo "2512"]
[Result "1-0"]
[Round "06"]
[TimeControl "180+2"]
[Date "2023.03.28"]
[WhiteClock "0:01:32"]
[BlackClock "0:01:41"]

1. e4 d5 2. exd5 Qxd5 3. Nc3 Qe5+ 4. Be2 c6 5. Nf3 Qc7 6. O-O Bf5 7. d4 e6 8. Bg5 Be7 9. Qd2 Nf6 10. Ne5 Nbd7 11. f4 h6 12. Bh4 Nd5 13. Nxd5 cxd5 14. Bxe7 Kxe7 15. Qb4+ Ke8 16. Bb5 Rd8 17. Nxd7 Rxd7 18. Bxd7+ Qxd7 19. Rf3 f6 20. c4 Kf7 21. cxd5 Qxd5 22. Rc3 Kg6 23. Rac1 Rd8 24. Rg3+ Kh7 25. Rc7 Bg6 26. Rxb7 Qxa2 27. Rxg7+ Kxg7 28. Qe7+ 1-0


[Site "https://www.chess.com"]

[Event "Titled Tuesday Blitz March 28 Early 2023"]
[White "Fernandez Siles, Luis"]
[Black "Sanchez Alvares, Kelvin Antonio"]
[WhiteFideId "2209420"]
[BlackFideId "3906680"]
[WhiteElo "2186"]
[BlackElo "2217"]
[Result "0-1"]
[Round "06"]
[TimeControl "180+2"]
[Date "2023.03.28"]
[WhiteClock "0:00:10"]
[BlackClock "0:01:14"]

1. e4 e5 2. Nf3 Nc6 3. Bc4 Bc5 4. O-O d6 5. c3 Nf6 6. d3 h6 7. a4 a5 8. Na3 Bg4 9. Nc2 Qb8 10. Be3 Qa7 11. Qe2 O-O 12. h3 Be6 13. Bxc5 Qxc5 14. Ne3 Rae8 15. d4 exd4 16. cxd4 Nxd4 17. Nxd4 Qxd4 18. Bxe6 Rxe6 19. f3 d5 20. Rfd1 Qb6 21. Kh1 dxe4 22. Nf5 exf3 23. Qxf3 Qxb2 24. Rab1 Qe5 25. Rxb7 Ne4 26. g4 g6 27. Nxh6+ Kg7 28. Rb5 Qc3 29. Kg2 Kxh6 0-1


[Site "https://www.chess.com"]

[Event "Titled Tuesday Blitz March 28 Early 2023"]
[White "Arencibia Monduy, Antonio"]
[Black "Gutkin, Ilya"]
[WhiteFideId "3507939"]
[BlackFideId "16203470"]
[WhiteElo "2506"]
[BlackElo "2265"]
[Result "1-0"]
[Round "06"]
[TimeControl "180+2"]
[Date "2023.03.28"]
[WhiteClock "0:00:35"]
[BlackClock "0:00:57"]

1. e4 e6 2. d4 d5 3. e5 c5 4. c3 Nc6 5. Nf3 Nh6 6. Bd3 cxd4 7. O-O Nf5 8. Bxf5 exf5 9. Nxd4 Be6 10. Re1 Be7 11. Nxe6 fxe6 12. Qh5+ Kf8 13. Nd2 Qe8 14. Qe2 g5 15. Nb3 Qg6 16. Be3 Kf7 17. Bc5 Rhc8 18. Bxe7 Nxe7 19. Rad1 Rc7 20. Nd4 a6 21. Rc1 Rac8 22. a4 Rc4 23. a5 Nc6 24. Nxc6 R8xc6 25. Qd3 f4 26. Qe2 g4 27. f3 g3 28. h3 R6c5 29. Qd2 Qf5 30. b3 Re4 31. fxe4 dxe4 32. Qd7+ Kg6 33. Qe8+ Kg7 34. Qe7+ Kg6 35. Qxc5 1-0


[Site "https://www.chess.com"]

[Event "Titled Tuesday Blitz March 28 Early 2023"]
[White "Real_taiatai"]
[Black "Zaragatski, Ilja"]
[BlackFideId "4655192"]
[WhiteElo "2359"]
[BlackElo "2460"]
[Result "0-1"]
[Round "06"]
[TimeControl "180+2"]
[Date "2023.03.28"]
[WhiteClock "0:02:29"]
[BlackClock "0:02:42"]

1. d4 c5 2. d5 Nf6 3. c4 b5 4. cxb5 a6 5. bxa6 g6 6. g3 d6 7. Nc3 Bg7 8. Bg2 Qa5 9. Nf3 Ne4 10. Qa4+ Qxa4 11. Nxa4 Rxa6 12. Nh4 Rxa4 0-1


[Site "https://www.chess.com"]

[Event "Titled Tuesday Blitz March 28 Early 2023"]
[White "Lopez Del Alamo, Antonio"]
[Black "Mortazavi, Ali"]
[WhiteFideId "2227339"]
[BlackFideId "401323"]
[WhiteElo "2175"]
[BlackElo "2339"]
[Result "0-1"]
[Round "06"]
[TimeControl "180+2"]
[Date "2023.03.28"]
[WhiteClock "0:00:04"]
[BlackClock "0:00:12"]

1. e4 c6 2. d3 d5 3. Nd2 g6 4. Ngf3 Bg7 5. g3 e5 6. Bg2 Ne7 7. O-O O-O 8. Re1 d4 9. Nc4 b5 10. Ncd2 Na6 11. a4 Nc5 12. axb5 cxb5 13. b4 Na4 14. Nb3 Nc6 15. Bd2 Qd6 16. Qb1 Bd7 17. Rc1 Rfc8 18. Nc5 Nxc5 19. bxc5 Qxc5 20. c3 dxc3 21. Bxc3 Qb6 22. Qb2 b4 23. Bxe5 Nxe5 24. Nxe5 Be6 25. d4 Bxe5 26. dxe5 a5 27. Bf1 b3 28. Ra3 a4 29. Rxc8+ Rxc8 30. Rxa4 Rc2 31. Qd4 Qxd4 32. Rxd4 b2 33. Rb4 Ba2 34. Bd3 Rc1+ 35. Kg2 b1=Q 36. Bxb1 Bxb1 37. f4 Kg7 38. h3 h5 39. g4 h4 40. f5 Ba2 41. Rb7 Rc2+ 42. Kg1 Re2 43. e6 Rxe4 44. Rxf7+ Kh6 45. Rf6 Kg5 46. Rxg6+ Kf4 47. Rg7 Kg3 48. Kf1 Bc4+ 49. Kg1 Re1# 0-1


[Site "https://www.chess.com"]

[Event "Titled Tuesday Blitz March 28 Early 2023"]
[White "Mrudul Dehankar"]
[Black "Jumanov, Elbek"]
[WhiteFideId "25096990"]
[BlackFideId "14202905"]
[WhiteElo "2139"]
[BlackElo "2055"]
[Result "0-1"]
[Round "06"]
[TimeControl "180+2"]
[Date "2023.03.28"]
[WhiteClock "0:00:02"]
[BlackClock "0:00:31"]

1. e4 c5 2. Nf3 e6 3. d4 cxd4 4. Nxd4 Nf6 5. Bd3 Nc6 6. Nxc6 bxc6 7. O-O d6 8. Qe2 Qc7 9. c4 Be7 10. Nc3 O-O 11. f4 a5 12. Be3 e5 13. f5 Ba6 14. b3 Rfd8 15. Rac1 Qb7 16. g4 d5 17. g5 d4 18. gxf6 Bxf6 19. Bd2 dxc3 20. Bxc3 a4 21. Bc2 axb3 22. axb3 Qb6+ 23. Kh1 Bb7 24. Ra1 c5 25. Rfd1 Qc6 26. Rd5 Rxa1+ 27. Bxa1 Ra8 28. Bxe5 Bxe5 29. Rxe5 Qf6 30. Rxc5 Ra1+ 31. Kg2 Qg5+ 32. Kh3 Rg1 33. f6 Qxf6 34. Rh5 g6 35. Rh4 Bc8+ 0-1


[Site "https://www.chess.com"]

[Event "Titled Tuesday Blitz March 28 Early 2023"]
[White "Tanmay Jain"]
[Black "Mika, Tomasz"]
[WhiteFideId "45015481"]
[BlackFideId "1132970"]
[WhiteElo "2032"]
[BlackElo "2179"]
[Result "0-1"]
[Round "06"]
[TimeControl "180+2"]
[Date "2023.03.28"]
[WhiteClock "0:00:12"]
[BlackClock "0:00:06"]

1. e4 d6 2. g3 g6 3. Bg2 Bg7 4. Ne2 Nf6 5. Kf1 c5 6. f3 O-O 7. Kf2 Nc6 8. Re1 d5 9. d3 dxe4 10. dxe4 Qc7 11. Be3 Rd8 12. Qc1 b6 13. Kg1 Na5 14. Nd2 Ba6 15. Nc3 Rd7 16. f4 Ng4 17. Nd5 Qd8 18. Nf1 e6 19. Nc3 Nc4 20. Kh1 Ngxe3 21. Nxe3 Nxe3 22. Qxe3 Bb7 23. Rad1 Bd4 24. Qe2 Qe7 25. e5 Bxg2+ 26. Kxg2 Bxc3 27. bxc3 Rad8 28. Qf3 Rd2+ 29. Kg1 Qd7 30. Rxd2 Qxd2 31. Re2 Qd1+ 32. Kg2 Rd2 33. Rxd2 Qxd2+ 34. Kh3 Kg7 35. Qb7 Qxc2 36. Qxa7 Qxc3 37. Qxb6 c4 38. Qd8 Qd3 39. Qf6+ Kg8 40. Kh4 c3 41. Kg5 Qf5+ 0-1


[Site "https://www.chess.com"]

[Event "Titled Tuesday Blitz March 28 Early 2023"]
[White "Rom, Jasper"]
[Black "Sarkar, Justin"]
[WhiteFideId "2023733"]
[BlackFideId "2010011"]
[WhiteElo "2233"]
[BlackElo "2189"]
[Result "1-0"]
[Round "06"]
[TimeControl "180+2"]
[Date "2023.03.28"]
[WhiteClock "0:02:17"]
[BlackClock "0:00:22"]

1. e4 c5 2. Nc3 Nc6 3. f4 g6 4. Nf3 Bg7 5. Bb5 Nd4 6. O-O Nxb5 7. Nxb5 Nf6 8. d3 d6 9. Qe1 Bd7 10. Nc3 Bc6 11. Bd2 b5 12. a3 a5 13. Qh4 b4 14. axb4 axb4 15. Ne2 Nd7 16. c3 Rxa1 17. Rxa1 bxc3 18. bxc3 1-0


[Site "https://www.chess.com"]

[Event "Titled Tuesday Blitz March 28 Early 2023"]
[White "Garv Gaur"]
[Black "Wilson, Elvin"]
[WhiteFideId "45030839"]
[BlackFideId "2014874"]
[WhiteElo "2068"]
[BlackElo "2297"]
[Result "1-0"]
[Round "06"]
[TimeControl "180+2"]
[Date "2023.03.28"]
[WhiteClock "0:00:05"]
[BlackClock "0:00:04"]

1. e4 e6 2. d4 d5 3. Bd3 dxe4 4. Bxe4 Nf6 5. Bf3 Nbd7 6. Ne2 Bd6 7. O-O e5 8. Ng3 O-O 9. Nf5 e4 10. Be2 Nb6 11. Nxd6 Qxd6 12. c4 c5 13. Be3 cxd4 14. Bxd4 Rd8 15. Bxf6 Qxf6 16. Qc1 Na4 17. Nd2 Qxb2 18. Qxb2 Nxb2 19. Nxe4 Bf5 20. Ng3 Bg6 21. Rac1 Rac8 22. c5 Kf8 23. Bf3 Rc7 24. Ne2 Nd3 25. Rc3 Nxc5 26. Nf4 b6 27. Nd5 Rcd7 28. Nb4 Be4 29. Be2 Na4 30. Re3 Ba8 31. Bb5 Rd4 32. Rfe1 g6 33. a3 Nc5 34. Bc6 Rd1 35. Bxa8 Rxe1+ 36. Rxe1 Rxa8 37. Rd1 a5 38. Nc6 Rc8 39. Na7 Rc7 40. Nb5 Rd7 41. Re1 Rd3 42. f3 Rb3 43. Nd6 Rxa3 44. Re8+ Kg7 45. Re7 Kf6 46. Rc7 Ke6 47. Nxf7 Ra1+ 48. Kf2 a4 49. Ng5+ Kd6 50. Ra7 h6 51. Nf7+ Kc6 52. Nd8+ Kb5 53. f4 a3 54. Nf7 a2 55. Ne5 Na6 56. Nf3 Rb1 57. Nd4+ Ka5 58. Nc6+ Kb5 59. Nd4+ 1-0


[Site "https://www.chess.com"]

[Event "Titled Tuesday Blitz March 28 Early 2023"]
[White "ArchibaldCerveza29"]
[Black "sebastianmarinp"]
[WhiteElo "2491"]
[BlackElo "2309"]
[Result "1-0"]
[Round "06"]
[TimeControl "180+2"]
[Date "2023.03.28"]
[WhiteClock "0:00:30"]
[BlackClock "0:00:02"]

1. e4 e5 2. Nf3 Nc6 3. Bc4 Nf6 4. O-O Nxe4 5. Nc3 Nf6 6. Re1 Be7 7. Nxe5 Nxe5 8. Rxe5 O-O 9. d4 d6 10. Re1 Bg4 11. Qd3 c6 12. d5 Bh5 13. Bf4 Bg6 14. Qd2 cxd5 15. Nxd5 Nxd5 16. Bxd5 Bf6 17. c3 Qb6 18. Bb3 Rfd8 19. Rad1 a5 20. Be3 Qb5 21. Qd5 Qc6 22. a4 h6 23. Rd2 Be4 24. Qxf7+ Kh8 25. f3 Bxf3 26. gxf3 Qxf3 27. Rf2 Qg4+ 28. Rg2 Qh4 29. Qc4 Qxe1+ 30. Qf1 Qxe3+ 31. Kh1 1-0


[Site "https://www.chess.com"]

[Event "Titled Tuesday Blitz March 28 Early 2023"]
[White "Lukas2010"]
[Black "Levitan, Caleb Levi"]
[BlackFideId "14332620"]
[WhiteElo "2490"]
[BlackElo "1963"]
[Result "1-0"]
[Round "06"]
[TimeControl "180+2"]
[Date "2023.03.28"]
[WhiteClock "0:01:14"]
[BlackClock "0:00:02"]

1. e4 e5 2. Nf3 Nc6 3. Bb5 a6 4. Ba4 Nf6 5. O-O Bc5 6. d3 b5 7. Bb3 d6 8. h3 h6 9. a4 Bb7 10. c3 O-O 11. Re1 Bb6 12. Nbd2 Ne7 13. Nf1 Ng6 14. Ng3 Re8 15. Nf5 d5 16. Qc2 Qd7 17. Bd2 dxe4 18. dxe4 Bxe4 19. Nxh6+ gxh6 20. Rxe4 Nxe4 21. Qxe4 Qd6 22. Bxh6 Qf6 23. Ng5 Qxf2+ 24. Kh1 Qf6 25. Bxf7+ Kh8 26. Bxg6 Rg8 27. Nf7+ Qxf7 28. Bxf7 1-0


[Site "https://www.chess.com"]

[Event "Titled Tuesday Blitz March 28 Early 2023"]
[White "Sztokbant, Bernardo Vainzoff"]
[Black "Zavortink, Matt"]
[WhiteFideId "2115956"]
[BlackFideId "2034263"]
[WhiteElo "2222"]
[BlackElo "2282"]
[Result "1-0"]
[Round "06"]
[TimeControl "180+2"]
[Date "2023.03.28"]
[WhiteClock "0:00:05"]
[BlackClock "0:00:03"]

1. e4 e6 2. d4 d5 3. Nd2 c5 4. Ngf3 cxd4 5. Nxd4 Nf6 6. Bd3 Nc6 7. Nxc6 bxc6 8. O-O Be7 9. Qe2 O-O 10. b3 a5 11. Bb2 a4 12. Rad1 axb3 13. axb3 Ra2 14. Ba1 Qa5 15. e5 Nd7 16. Nf3 Ba6 17. Nd4 Bxd3 18. Qxd3 Nxe5 19. Qg3 Ng6 20. Nxc6 Qa3 21. Nxe7+ Qxe7 22. c4 dxc4 23. bxc4 Rc8 24. Qc3 e5 25. Rde1 Ra3 26. Qc2 f6 27. Rc1 Ra5 28. Rfd1 Rac5 29. Qe4 Qc7 30. Bb2 Nf4 31. g3 Ne6 32. Qf5 Qc6 33. Ba3 Rxc4 34. Rxc4 Qxc4 35. Rd7 Rc7 36. Rd6 Nf8 37. Rd8 Qf7 38. Rxf8+ Qxf8 39. Bxf8 Kxf8 40. Qe6 Re7 41. Qd6 Kf7 42. Kg2 g6 43. Qd5+ Kf8 44. h4 Kg7 45. Qd6 Rf7 46. Qe6 Rf8 47. h5 Rf7 48. h6+ Kg8 49. Qe8+ Rf8 50. Qe7 Rf7 51. Qe6 Kf8 52. Qc8+ Ke7 53. Qh8 Ke6 54. g4 f5 55. Qe8+ Kf6 56. g5+ Kxg5 57. Qxf7 Kxh6 58. Qf6 e4 59. Qe5 Kg5 60. Qe7+ Kh6 61. Kg3 Kh5 62. Qxh7+ Kg5 63. Qh4# 1-0


[Site "https://www.chess.com"]

[Event "Titled Tuesday Blitz March 28 Early 2023"]
[White "Osinenko, Anton"]
[Black "Fajdetic, Hrvoje"]
[WhiteFideId "4158970"]
[BlackFideId "14501945"]
[WhiteElo "2294"]
[BlackElo "2185"]
[Result "1-0"]
[Round "06"]
[TimeControl "180+2"]
[Date "2023.03.28"]
[WhiteClock "0:00:56"]
[BlackClock "0:00:46"]

1. e4 c5 2. Nf3 a6 3. c3 d5 4. exd5 Qxd5 5. d4 Bg4 6. Be2 Nf6 7. dxc5 Qxc5 8. Be3 Qc7 9. Nbd2 e6 10. h3 Bh5 11. Nc4 Nbd7 12. g4 Bg6 13. a4 Be7 14. a5 O-O 15. Nb6 Rad8 16. Qa4 Bc5 17. Bxc5 Qxc5 18. Nxd7 Nxd7 19. O-O Ne5 20. Rad1 Nxf3+ 21. Bxf3 b5 22. Qf4 e5 23. Qe3 Qxe3 24. fxe3 Bc2 25. Rxd8 Rxd8 26. Rf2 Bd3 27. Rd2 Rd7 28. Be4 Bxe4 29. Rxd7 h5 30. Ra7 1-0


[Site "https://www.chess.com"]

[Event "Titled Tuesday Blitz March 28 Early 2023"]
[White "Pein, Jonathan"]
[Black "Ruge, Edison"]
[WhiteFideId "417092"]
[BlackFideId "4401000"]
[WhiteElo "2151"]
[BlackElo "2175"]
[Result "1-0"]
[Round "06"]
[TimeControl "180+2"]
[Date "2023.03.28"]
[WhiteClock "0:00:05"]
[BlackClock "0:00:05"]

1. e4 e5 2. Nf3 Nc6 3. Bb5 f5 4. d3 fxe4 5. dxe4 Nf6 6. Bg5 Bc5 7. Nc3 d6 8. Nd5 O-O 9. Nxf6+ gxf6 10. Bc4+ Kh8 11. Bh6 Rg8 12. Bxg8 Qxg8 13. Nh4 Bg4 14. f3 Be6 15. Qd2 Qf7 16. g4 Nd4 17. c3 Nc6 18. Be3 Bxe3 19. Qxe3 d5 20. exd5 Bxd5 21. b3 Nd8 22. Rd1 Bc6 23. O-O Ne6 24. Ng2 Rg8 25. Kf2 Ng5 26. Ke2 Qg6 27. h4 Nxf3 28. g5 e4 29. Nf4 Qf5 30. Rxf3 exf3+ 31. Kf2 h5 32. Qd4 Rf8 33. Re1 Qg4 34. Ng6+ Kg8 35. Qxg4 hxg4 36. Nxf8 Kxf8 37. gxf6 Kf7 38. Re7+ Kxf6 39. Rxc7 Kf5 40. Rf7+ Kg6 41. Rf8 Kh5 42. Rh8+ Kg6 43. Kg3 Bd7 44. Rg8+ Kf6 45. Rf8+ Kg6 46. Rf4 Kh5 47. c4 a6 48. b4 Bc8 49. Rf7 Be6 50. Rh7+ Kg6 51. Rxb7 Kf5 52. c5 Bxa2 53. Rb6 Bc4 54. c6 Ke4 55. c7 Ke3 56. c8=Q f2 57. Qxc4 Kd2 58. Rd6+ Ke3 59. Qe6# 1-0


[Site "https://www.chess.com"]

[Event "Titled Tuesday Blitz March 28 Early 2023"]
[White "Rodriguez Santiago, Jaime"]
[Black "Manukian, Artak"]
[WhiteFideId "3100898"]
[BlackFideId "13301373"]
[WhiteElo "2025"]
[BlackElo "2130"]
[Result "1-0"]
[Round "06"]
[TimeControl "180+2"]
[Date "2023.03.28"]
[WhiteClock "0:00:51"]
[BlackClock "0:01:33"]

1. c4 g6 2. Nc3 Bg7 3. g3 d6 4. Bg2 Nf6 5. e4 O-O 6. Nge2 c5 7. O-O e5 8. d3 Nc6 9. h3 Nd4 10. Be3 Rb8 11. f4 a6 12. f5 b5 13. b3 bxc4 14. dxc4 Bb7 15. Bg5 Qa5 16. Bxf6 Bxf6 17. Nxd4 cxd4 18. Nd5 Bxd5 19. exd5 Kg7 20. Qf3 Qc3 21. Qxc3 dxc3 22. Be4 Bg5 23. Rf3 Bd2 24. Raf1 f6 25. Bc2 a5 26. g4 g5 27. Kg2 Rb4 28. a3 Rb6 29. Rb1 Rfb8 30. Kf1 h5 31. Ke2 hxg4 32. hxg4 Rh8 33. Kd3 Rh4 34. Rg1 Rb8 35. Rg2 Re8 36. Rf1 e4+ 37. Ke2 e3 38. b4 axb4 39. axb4 Re4 40. Bxe4 c2 41. Bxc2 1-0


[Site "https://www.chess.com"]

[Event "Titled Tuesday Blitz March 28 Early 2023"]
[White "Khamdamova, Afruza"]
[Black "monkins"]
[WhiteFideId "14210444"]
[WhiteElo "2210"]
[BlackElo "2278"]
[Result "1-0"]
[Round "06"]
[TimeControl "180+2"]
[Date "2023.03.28"]
[WhiteClock "0:00:50"]
[BlackClock "0:01:12"]

1. e4 c5 2. Nf3 g6 3. d4 cxd4 4. Nxd4 Nf6 5. Nc3 Nc6 6. Be3 h5 7. Nxc6 bxc6 8. Bc4 Bg7 9. f3 Qa5 10. Qd2 Ba6 11. Bb3 c5 12. e5 Nh7 13. O-O-O O-O 14. Bd5 Rab8 15. f4 d6 16. Ne4 dxe5 17. Qxa5 exf4 18. Bxf4 Bxb2+ 19. Kd2 Rb6 20. Bc7 1-0


[Site "https://www.chess.com"]

[Event "Titled Tuesday Blitz March 28 Early 2023"]
[White "Nguyen Hong Nhung"]
[Black "babbilator"]
[WhiteFideId "12412201"]
[WhiteElo "1904"]
[BlackElo "2244"]
[Result "0-1"]
[Round "06"]
[TimeControl "180+2"]
[Date "2023.03.28"]
[WhiteClock "0:00:03"]
[BlackClock "0:00:11"]

1. e4 c5 2. Nc3 Nc6 3. f4 e6 4. Nf3 Nge7 5. e5 d6 6. exd6 Nf5 7. g3 Bxd6 8. Bg2 h5 9. d3 Be7 10. O-O h4 11. g4 h3 12. Bh1 Nh6 13. g5 Nf5 14. Re1 Qc7 15. Qe2 Bd7 16. a3 Ncd4 17. Nxd4 Nxd4 18. Qf2 O-O-O 19. Be3 Nf5 20. Ne4 Bc6 21. Bf3 f6 22. gxf6 gxf6 23. Kf1 Nh4 24. Bh1 f5 25. Ng3 Bxh1 26. Nxh1 Ng2 27. Red1 Bd6 28. Ng3 Bxf4 29. Bxf4 Nxf4 30. b4 c4 31. Qxa7 Ng2 0-1


[Site "https://www.chess.com"]

[Event "Titled Tuesday Blitz March 28 Early 2023"]
[White "Fernandez Sanchez, Mario Andres"]
[Black "Abdilkhair, Abilmansur"]
[WhiteFideId "6501621"]
[BlackFideId "13716417"]
[WhiteElo "2050"]
[BlackElo "2216"]
[Result "1-0"]
[Round "06"]
[TimeControl "180+2"]
[Date "2023.03.28"]
[WhiteClock "0:00:35"]
[BlackClock "0:00:13"]

1. d4 Nf6 2. Bf4 g6 3. Nc3 Bg7 4. e4 d6 5. h4 h5 6. Qd2 Nbd7 7. Nf3 c5 8. O-O-O cxd4 9. Nxd4 e5 10. Ndb5 exf4 11. Nxd6+ Kf8 12. Kb1 Nc5 13. Qxf4 Ne6 14. Qf3 Qa5 15. Nd5 Bd7 16. Nxf6 Bc6 17. Nd5 Nd8 18. Bc4 Be5 19. Nxf7 Nxf7 20. Nb6 Rh7 21. Nxa8 Qb4 22. Bb3 b6 23. a3 Qc5 24. Rd5 Qe7 25. Rhd1 Bxa8 26. Rd8+ Kg7 27. Qxf7+ Qxf7 28. Bxf7 Bxe4 29. R8d7 Kh6 30. Bb3 Rh8 31. Rxa7 Bf5 32. g3 Rd8 33. Rxd8 Bf6 34. Rdd7 Bxd7 35. Rxd7 g5 36. Rd6 Kg7 37. hxg5 Bxg5 38. f4 Be7 39. Rd7 Kf6 40. Rxe7 Kxe7 41. c4 Kd6 42. Kc2 Kc5 43. Kc3 b5 44. Bc2 bxc4 45. Bg6 Kd5 46. Bxh5 Kc5 47. f5 Kd5 48. f6 Ke6 49. f7 Kf6 50. f8=Q+ Kg5 51. Qf4+ Kxh5 52. g4+ Kg6 53. Qf5+ Kh6 54. g5+ Kh5 55. g6+ Kh4 56. g7 Kg3 57. g8=Q+ Kh4 58. Qfh7# 1-0


[Site "https://www.chess.com"]

[Event "Titled Tuesday Blitz March 28 Early 2023"]
[White "Forgacs, Attila Jr."]
[Black "mjelcic"]
[WhiteFideId "773654"]
[WhiteElo "2168"]
[BlackElo "2233"]
[Result "0-1"]
[Round "06"]
[TimeControl "180+2"]
[Date "2023.03.28"]
[WhiteClock "0:00:06"]
[BlackClock "0:00:19"]

1. a3 g6 2. g3 Bg7 3. Bg2 Nf6 4. Nf3 O-O 5. O-O d6 6. d3 e5 7. e4 c6 8. Ne1 d5 9. Nd2 Be6 10. f4 Qb6+ 11. Kh1 Ng4 12. Qe2 exf4 13. gxf4 Ne3 14. Rf2 Bg4 15. Bf3 Bxf3+ 16. Ndxf3 dxe4 17. dxe4 Ng4 18. Rg2 Nf6 19. Nd3 Nbd7 20. Be3 Qc7 21. Bd4 Rfe8 22. Nde5 c5 23. Bc3 Nh5 24. Qc4 Nxe5 25. Nxe5 Nxf4 26. Ng4 Nxg2 27. Bxg7 Kxg7 28. Qc3+ Kf8 29. Qh8+ Ke7 30. Qf6+ Kd7 31. Rd1+ Kc8 32. Kxg2 b6 33. Rd6 Kb7 34. e5 Rad8 35. Qf3+ Kb8 36. Nf6 Rxe5 37. Rc6 Qb7 38. Ng4 Re6 39. Rxe6 Qxf3+ 40. Kxf3 fxe6 41. Ke3 Kc7 42. Nf6 h5 43. Ne4 Rd5 44. Nf6 Rg5 45. h4 Rf5 46. Ne4 Kc6 47. Ng3 Re5+ 48. Kd3 Re1 49. Ne4 Rh1 50. Nf6 Rh3+ 51. Kd2 Rxh4 52. Nh7 Rh2+ 53. Kd3 Rg2 54. Nf6 h4 55. Ke3 h3 56. Kf3 Rxc2 57. Ng4 Rxb2 58. Kg3 Rb3+ 59. Kh2 Rxa3 60. Ne5+ Kd5 61. Ng4 c4 62. Nf2 Ra2 63. Kg1 Rxf2 64. Kh1 c3 65. Kg1 Rd2 66. Kf1 Kd4 67. Ke1 Kd3 68. Kf1 c2 69. Ke1 c1=R# 0-1


[Site "https://www.chess.com"]

[Event "Titled Tuesday Blitz March 28 Early 2023"]
[White "Quirke, Jeffrey"]
[Black "Deng, Henry"]
[WhiteFideId "2013029"]
[BlackFideId "30965454"]
[WhiteElo "2231"]
[BlackElo "2458"]
[Result "1-0"]
[Round "06"]
[TimeControl "180+2"]
[Date "2023.03.28"]
[WhiteClock "0:00:10"]
[BlackClock "0:00:38"]

1. e4 c5 2. Nc3 e6 3. g3 d5 4. exd5 exd5 5. d4 cxd4 6. Qxd4 Nf6 7. Bg5 Nc6 8. Bxf6 Nxd4 9. Bxd8 Nxc2+ 10. Kd2 Nxa1 11. Bg5 d4 12. Nb5 f6 13. Bf4 g5 14. Bd6 Bf5 15. Bd3 Bxd3 16. Kxd3 Rc8 17. Bxf8 Kxf8 18. Nxd4 Rc1 19. Nde2 Rd1+ 20. Kc3 Kf7 21. h4 Rc8+ 22. Kb4 Nc2+ 23. Kb3 Rd3+ 24. Ka4 Rc4+ 25. Kb5 Rc6 26. hxg5 a6+ 27. Ka4 Kg6 28. gxf6 Kxf6 29. Rxh7 b6 30. Rh6+ Ke5 31. Rxc6 Nd4 32. Rxb6 Ne6 33. f4+ Kf5 34. Nf3 Rxf3 35. Rxe6 Rf2 36. Nd4+ Kg4 37. Rg6+ Kh3 38. Kb3 Rd2 39. Kc3 Rd1 40. f5 Rf1 41. g4 Kh4 42. Rxa6 Kxg4 43. f6 Kg5 44. a4 Rc1+ 45. Nc2 Rf1 46. Rb6 Rf3+ 47. Kb4 Rf4+ 48. Ka3 Kg6 49. b3 Kf7 50. Nb4 Rf5 51. a5 Rxa5+ 52. Kb2 Rc5 53. Nd3 Rd5 54. Kc3 Rf5 55. Kc4 Rf4+ 56. Kc5 Rf3 57. Nb4 Rf5+ 58. Nd5 Rh5 59. b4 Rh1 60. b5 Rc1+ 61. Kd6 Rb1 62. Rb7+ Kf8 63. f7 Rd1 64. b6 Rb1 65. Rc7 Kg7 66. b7 Rb5 67. f8=Q+ Kxf8 68. Rc8+ Kf7 69. b8=Q Rxb8 70. Rxb8 Kg6 71. Ke5 1-0


[Site "https://www.chess.com"]

[Event "Titled Tuesday Blitz March 28 Early 2023"]
[White "Sankalan Shah"]
[Black "QuiesPrecatio"]
[WhiteFideId "25600362"]
[WhiteElo "2118"]
[BlackElo "2452"]
[Result "0-1"]
[Round "06"]
[TimeControl "180+2"]
[Date "2023.03.28"]
[WhiteClock "0:00:13"]
[BlackClock "0:00:12"]

1. d4 Nf6 2. c4 e6 3. Nf3 b6 4. g3 Ba6 5. Bg2 Bxc4 6. O-O Be7 7. Nc3 c6 8. Ne5 Ba6 9. b3 O-O 10. Bb2 d5 11. Rc1 Bb7 12. Qd2 Nbd7 13. Nd3 c5 14. dxc5 Nxc5 15. Rfd1 Nxd3 16. Qxd3 Rc8 17. e3 Qd7 18. Ne2 Rxc1 19. Rxc1 Rc8 20. Rxc8+ Qxc8 21. Nd4 Ba6 22. Qd2 Qc5 23. h4 h6 24. a3 Qc8 25. b4 Bc4 26. Nf3 Ne4 27. Qd1 a5 28. Qa4 axb4 29. axb4 Bf6 30. Bd4 Bxd4 31. Nxd4 Nc3 32. Qa7 e5 33. Nf3 Ne2+ 34. Kh2 Qf5 35. Qb8+ Kh7 36. Qxe5 Qxe5 37. Nxe5 f6 38. Nc6 b5 39. Bf3 Nc3 40. Nd4 Na2 41. Kg2 Nxb4 42. Bg4 g6 43. Bd7 f5 44. Bxb5 Bxb5 45. Nxb5 Kg7 46. Nd4 Kf6 47. Kf3 g5 48. hxg5+ hxg5 49. Nb5 Ke5 50. Nd4 g4+ 51. Ke2 Ke4 52. Nb3 Nc6 53. Nd2+ Ke5 54. Nb3 Ne7 55. Kd3 Ng8 56. Nd4 Nf6 57. Nc6+ Kd6 58. Nd4 Ke5 59. Ke2 Ne4 60. Nb3 Nc3+ 61. Kd3 Nd1 62. Ke2 Nb2 63. Nd4 Nc4 64. Nc6+ Ke4 65. Nd4 Ne5 66. Nb3 Nf3 67. Nc5+ Ke5 68. Nd3+ Ke6 69. Nc5+ Kd6 70. Nd3 Ng5 71. Nf4 Ne4 72. Nd3 Kc6 73. Ne5+ Kc5 74. Nd3+ Kc4 75. Nf4 d4 76. exd4 Kxd4 77. Ne6+ Ke5 78. Nf4 Kd4 79. Ne6+ Kd5 80. Nf4+ Ke5 81. Ng6+ Kd4 82. Nf4 Nc3+ 83. Kd2 Ne4+ 84. Ke2 Ng5 85. Nh5 Nf3 86. Ng7 Ke4 87. Nh5 Nd4+ 88. Kd2 Kf3 89. Ke1 Nc2+ 90. Kf1 Nb4 91. Ng7 Ke4 92. Ne6 Nd3 93. Ng5+ Ke5 94. Nf7+ Kd4 95. Nd6 Ke5 96. Nf7+ Ke4 97. Nd6+ Kf3 98. Nc4 Nxf2 99. Ne5+ Kxg3 100. Ng6 Ne4 101. Kg1 f4 102. Kf1 f3 103. Ne5 Nd2+ 104. Ke1 f2+ 105. Kxd2 f1=Q 106. Nxg4 Kxg4 0-1


[Site "https://www.chess.com"]